 Dungeon Crawl Stone Soup version 0.25.1-8-g42b30a86e7 (webtiles) character file.

Game seed: 14544598705094719333

251 Abzac the Slinger (level 6, -3/42 HPs)
             Began as a Halfling Hunter on Dec 20, 2020.
             Slain by a bullfrog (8 damage)
             ... in a sewer.
             The game lasted 00:08:06 (3093 turns).

Abzac the Slinger (Halfling Hunter)                 Turns: 3093, Time: 00:08:07

Health: -3/42      AC:  5    Str: 14    XL:     6   Next: 36%
Magic:  6/6        EV: 16    Int:  9    God:
Gold:   122        SH:  0    Dex: 16    Spells: 5/5 levels left

rFire    . . .     SeeInvis .   a - +1 hunting sling
rCold    . . .     Gourm    .   (shield restricted)
rNeg     . . .     Faith    .   c - +0 leather armour
rPois    .         Spirit   .   (no helmet)
rElec    .         Reflect  .   (no cloak)
rCorr    .         Harm     .   (no gloves)
MR       .....                  m - +1 pair of boots
Stlth    ++........             (no amulet)
HPRegen  0.14/turn              (no ring)
MPRegen  0.10/turn              (no ring)

@: no status effects
A: small, mutation resistance 1
a: no special abilities


You were in a sewer.
You were not hungry.

You visited 1 branch of the dungeon, and saw 3 of its levels.
You also visited: Sewer.

You collected 122 gold pieces.

Inventory:

Hand Weapons
 a - a +1 hunting sling (weapon)
 b - a +0 short sword
 k - a +0 whip
 y - a +0 hunting sling of freezing
Missiles
 d - 8 sling bullets (quivered)
 e - 56 bolts
 h - 114 stones
 j - 7 boomerangs
 l - 4 curare-tipped darts
 o - 9 poisoned darts
 p - 49 arrows
Armour
 c - a +0 leather armour (worn)
 m - a +1 pair of boots (worn)
Jewellery
 t - an uncursed amulet of the acrobat {unknown}
Wands
 x - a wand of random effects (24)
Scrolls
 q - a scroll of magic mapping {unknown}
 r - a scroll of enchant armour
 s - a scroll of teleportation {unknown}
 v - a scroll of fog {unknown}
Potions
 i - a potion of haste {unknown}
 n - 2 potions of curing {unknown}
 u - a potion of heal wounds {unknown}
 z - a potion of brilliance {unknown}
 A - a potion of mutation {unknown}
Comestibles
 f - 5 rations
 w - 8 chunks of flesh


   Skills:
 + Level 3.1 Fighting
 * Level 8.4 Slings
 + Level 3.8 Dodging
 - Level 1.1 Stealth


You had 5 spell levels left.
You didn't know any spells.
Your spell library was empty.

Dungeon Overview and Level Annotations

Branches:
Dungeon (3/15)              Sewer (1/1)

Altars:


Innate Abilities, Weirdness & Mutations

You are small and have problems with some larger weapons.
You are somewhat resistant to further mutation.


Message History

Firing (i - inventory. (/) - cycle)
d - 11 sling bullets (quivered)
Press: ? - help, Shift-Dir - straight line, f/p - bullfrog
Aim: a bullfrog (heavily wounded)
You shoot a sling bullet.
The sling bullet barely misses the bullfrog.
The bullfrog completely misses you.
Firing (i - inventory. (/) - cycle)
d - 10 sling bullets (quivered)
Press: ? - help, Shift-Dir - straight line, f/p - bullfrog
Aim: a bullfrog (heavily wounded)
You shoot a sling bullet.
The sling bullet completely misses the bullfrog.
The bullfrog hits you.
* * * LOW HITPOINT WARNING * * *
Firing (i - inventory. (/) - cycle)
d - 9 sling bullets (quivered)
Press: ? - help, Shift-Dir - straight line, f/p - bullfrog
Aim: a bullfrog (heavily wounded)
You shoot a sling bullet. The sling bullet hits the bullfrog!
The bullfrog is almost dead.
The bullfrog hits you!
You die...

≈†#..≈≈#(≈.$$(l #.≈≈.#≈≈≈#
≈.#....#≈.(≈(≈ #≈≈≈≈#≈≈≈#
≈≈##≈≈≈#≈(≈(≈ ##≈≈≈##≈≈≈#
≈.†#.≈.#≈.(≈ ##≈≈≈≈#÷≈≈≈#
≈≈†##.≈##≈(# ###≈≈≈≈##≈≈≈##
≈≈.≈##≈≈#((#######≈≈≈≈≈##÷≈≈≈#
#≈≈≈≈#≈≈##≈.(≈≈≈≈≈≈≈≈###..≈.##
##≈≈.†≈..#.(≈≈.(≈≈####≈≈≈≈≈##
####≈≈≈#######F@.#.≈.≈≈≈≈##
##.≈#.≈≈≈≈#####≈.≈.#####
####≈≈≈≈≈≈≈.≈.≈####..∩#
#≈≈≈#########≈...≈#
#≈≈..≈≈÷≈÷≈÷..∩.#
#.≈≈≈.≈.≈.≈.#####
#############


You could see a bullfrog.

Vanquished Creatures
  A bullfrog (Sewer)
  4 adders
  7 oozes
  3 worms (D:2)
  2 dart slugs (D:1)
  10 leopard geckos
  12 giant cockroaches
  5 goblins
  5 hobgoblins (D:1)
  3 jackals (D:2)
  21 ball pythons
  9 bats
  9 frilled lizards
  4 kobolds (D:1)
  6 rats
101 creatures vanquished.

Notes
Turn   | Place    | Note
-------+----------+-------------------------------------------
     0 | D:1      | Abzac the Halfling Hunter began the quest for the Orb.
     0 | D:1      | Reached XP level 1. HP: 14/14 MP: 1/1
   220 | D:1      | Reached skill level 6 in Slings
   231 | D:1      | Reached XP level 2. HP: 19/19 MP: 2/2
   420 | D:1      | Reached XP level 3. HP: 23/24 MP: 3/3
  1359 | D:2      | Reached XP level 4. HP: 9/29 MP: 4/4
  1832 | D:2      | Reached skill level 7 in Slings
  2649 | D:3      | Found a glowing drain.
  2704 | Sewer    | Entered a sewer
  2758 | Sewer    | Reached XP level 5. HP: 35/35 MP: 5/5
  3040 | Sewer    | Noticed a bullfrog
  3040 | Sewer    | Noticed a bullfrog
  3061 | Sewer    | Killed a bullfrog
  3061 | Sewer    | Reached skill level 8 in Slings
  3061 | Sewer    | Reached XP level 6. HP: 17/42 MP: 6/6
  3093 | Sewer    | Slain by a bullfrog

Illustrated notes

Levels and vault maps discovered:
D:1:      dpeg_arrival_more_subterranean_lakeside_camping, layout_basic
D:2:      layout_basic
D:3:      layout_basic, overflow_temple_1_default, gup_sewer_entry_pipe,
          first_ration, uniq_natasha
Sewer:    sewer_frog_island_02

Skill      XL: |  1  2  3  4  5 |
---------------+----------------+-----
Slings         | 6 7 8 |  8.4
Fighting       | 2 3 |  3.1
Dodging        | 3 |  3.8
Stealth        | |  1.1

Action                   |  1- 3 |  4- 6 || total
-------------------------+-------+-------++-------
Melee: Short sword       |    42 |       ||    42
 Fire: Hunting sling     |    43 |   206 ||   249
Throw: Stone             |     2 |       ||     2
  Use: Scroll            |       |     2 ||     2
  Eat: Chunk             |     1 |     2 ||     3
       Ration            |       |     1 ||     1
Armor: Leather armour    |    16 |    16 ||    32
Dodge: Dodged            |    65 |    71 ||   136
